[Event "Karpov Trophy XVI 2018"]
[Site "Cap d/^Agde"]
[Date "2018.10.27"]
[Round "1.1"]
[White "Fedorchuk, Sergey A."]
[Black "Peric, Slavisa"]
[Result "1-0"]
[ECO "C07"]
[WhiteElo "2607"]
[BlackElo "2130"]
[Annotator "RC"]
[PlyCount "55"]
[EventDate "2018.10.17"]
[EventCountry "FRA"]
[SourceTitle "playchess.com"]
[Source "ChessBase"]
[SourceQuality "1"]
[TimeControl "5400+30"]

1. e4 e6 2. d4 d5 3. Nd2 c5 4. Ngf3 Nc6 5. exd5 Qxd5 6. Bc4 Qd7 7. dxc5 Bxc5 8. Qe2 Nf6 9. Nb3 Be7 10. Bf4 Qd8 11. Rd1 Qb6 12. O-O a6 13. Ne5 Nxe5 14. Bxe5 Bd7 15. Rd3 Bb5 16. Bxb5+ Qxb5 17. Nd4 Qa5 18. Rb3 Qxa2 19. Qf3 O-O 20. Qxb7 Rfe8 21. Nc6 Bf8 22. Bb8 Raxb8 23. Nxb8 a5 24. Nd7 Nd5 25. Rf3 Be7 26. Ne5 Nf6 27. c4 Qa4 28. Qc6 1-0

[Event "Karpov Trophy XVI 2018"]
[Site "Cap d/^Agde"]
[Date "2018.10.27"]
[Round "1.1"]
[White "Warnier, Yanis"]
[Black "Dauphin, Thomas"]
[Result "1-0"]
[ECO "D00"]
[WhiteElo "1760"]
[BlackElo "1986"]
[Annotator "NA"]
[PlyCount "75"]
[EventDate "2018.10.17"]
[EventCountry "FRA"]
[SourceTitle "playchess.com"]
[Source "ChessBase"]
[SourceQuality "1"]
[TimeControl "5400+30"]

1. d4 d5 2. Bf4 e6 3. Nf3 f5 4. e3 Nf6 5. Nbd2 Be7 6. Bd3 O-O 7. O-O Bd7 8. h3 Be8 9. c3 c6 10. Ne5 Nbd7 11. Ndf3 Bh5 12. Qb3 Qb6 13. Ng5 Nxe5 14. dxe5 Ne4 15. Nxe6 Rf7 16. Bxe4 fxe4 17. g4 Bg6 18. Rfd1 Bh4 19. Nd4 Qd8 20. c4 h5 21. cxd5 hxg4 22. Ne6 Bxf2+ 23. Kxf2 Qh4+ 24. Ke2 cxd5 25. Rxd5 Bh5 26. Ng5 gxh3+ 27. Kd2 Qf2+ 28. Kc3 a5 29. Rc5 Rd8 30. Nxe4 Qe2 31. Nd6 Kf8 32. Qc4 Qg2 33. Rc8 Rfd7 34. e6 Bg6 35. Rc1 b5 36. Qc5 b4+ 37. Kb3 a4+ 38. Kxa4 1-0

[Event "Karpov Trophy XVI 2018"]
[Site "Cap d/^Agde"]
[Date "2018.10.28"]
[Round "2.1"]
[White "Maruf Ibne, Alif"]
[Black "Jehan, Julien"]
[Result "0-1"]
[ECO "E59"]
[WhiteElo "1847"]
[BlackElo "1991"]
[Annotator "NA RC"]
[PlyCount "136"]
[EventDate "2018.10.17"]
[EventCountry "FRA"]
[SourceTitle "playchess.com"]
[Source "ChessBase"]
[SourceQuality "1"]
[TimeControl "5400+30"]

1. d4 Nf6 2. c4 e6 3. Nc3 Bb4 4. e3 d5 5. Bd3 c5 6. Nf3 dxc4 7. Bxc4 Nc6 8. O-O O-O 9. a3 Bxc3 10. bxc3 Qc7 11. Ba2 Rd8 12. h3 {[%emt 0:05:14] E59: Nimzo-Indian: Rubinstein: Main Line: 7...Nc6 8 a3 Bxc3 9 bxc3 dxc4} (12. Bb2 h6 13. Qe2 e5 14. h3 Qe7 15. Rfd1 Bf5 (15... e4 16. Nh2 Bf5 17. a4 cxd4 18. exd4 Nd5 19. Bxd5 Rxd5 {0-1 (36) Johansson,V (2179)-Terao,J (2187) Istanbul 2012}) 16. Rac1 Rac8 17. d5 Nb8 18. c4 Nbd7 19. Nh4 Bh7 {0-1 (58) Akash Pc,I (2390)-Donchenko,A (2569) London 2017}) 12... h6 13. Bb2 b5 $146 14. Qe2 c4 15. a4 a6 16. e4 e5 17. d5 Ne7 18. Kh2 $2 {[%emt 0:08:13] [#]} (18. Bb1 $14 {stays ahead.}) 18... Ng6 $2 ({Black should try} 18... Nexd5 $1 $17 19. exd5 e4+ 20. d6 Rxd6) 19. g3 Nd7 20. Bb1 Rb8 21. Nd2 Nc5 22. axb5 axb5 23. Bc2 Qd7 24. Qh5 Qc7 25. Ba3 Bd7 (25... Rd6 $14) 26. Bb4 Ra8 27. Rfb1 Rdb8 28. Qe2 Qc8 29. Qh5 Qc7 30. Qe2 Na6 31. Ba5 Qc8 32. Qf1 Qc5 33. Kg2 Rf8 34. Qe2 Qd6 35. Qe3 Ne7 36. Qb6 Qxb6 37. Bxb6 Rfb8 38. Be3 Nc8 39. Rb2 Nc7 40. Rab1 Nd6 41. Bc5 Nb7 $1 $11 42. Be3 Nd6 (42... Rc8) 43. Bc5 Nce8 44. Bd1 Rc8 45. Bb4 Ra6 (45... Nb7 $11) 46. Bc2 (46. f4 $16) 46... Rca8 47. Nf3 f6 48. Ne1 Ra1 $16 (48... f5 $11 {keeps the balance.}) 49. Nf3 (49. f4 $14) 49... R8a2 50. Bc5 Nb7 51. Bb4 Nc7 52. Rxa1 Rxa1 53. Bb1 Na6 54. Nd2 Nbc5 55. Ra2 Rxa2 56. Bxa2 Nxb4 57. cxb4 Nd3 58. Bb1 Nxb4 59. h4 c3 60. Nb3 c2 61. Bxc2 Nxc2 62. Nc5 Be8 63. d6 b4 64. Kf1 Bb5+ 65. Kg2 Nd4 66. f4 b3 67. Nd3 Bxd3 68. d7 Nc6 0-1

[Event "Karpov Trophy XVI 2018"]
[Site "Cap d/^Agde"]
[Date "2018.10.28"]
[Round "3.1"]
[White "Malakhatko, Vadim"]
[Black "Cotonnec, Melkior"]
[Result "1-0"]
[ECO "D94"]
[WhiteElo "2552"]
[BlackElo "2322"]
[Annotator "RC"]
[PlyCount "63"]
[EventDate "2018.10.17"]
[EventCountry "FRA"]
[SourceTitle "playchess.com"]
[Source "ChessBase"]
[SourceQuality "1"]
[TimeControl "5400+30"]

1. d4 Nf6 2. c4 g6 3. Nc3 d5 4. Nf3 Bg7 5. e3 O-O 6. Bd2 b6 7. cxd5 Nxd5 8. Rc1 Nxc3 9. Bxc3 Bb7 10. b4 Nd7 11. Bb5 a6 12. Ba4 Bd5 13. Qe2 Nf6 14. O-O Ne4 15. Be1 Qd6 16. Bc2 Rfc8 17. Bd3 Bb7 18. Qc2 f5 19. Ne5 Bxe5 20. dxe5 Qxe5 21. f3 Nf6 22. Bg3 Qe6 23. e4 fxe4 24. fxe4 Kg7 25. Qb2 b5 26. Rc5 Rd8 27. Bb1 Rd7 28. Re5 Qb6+ 29. Bf2 Qc6 30. Bc5 Re8 31. a3 e6 32. Rxf6 1-0

[Event "Karpov Trophy XVI 2018"]
[Site "Cap d/^Agde"]
[Date "2018.10.28"]
[Round "3.1"]
[White "Guehtar, Sofiane"]
[Black "Berthelot, Yannick"]
[Result "1/2-1/2"]
[ECO "B06"]
[WhiteElo "2064"]
[BlackElo "2236"]
[Annotator "NA"]
[PlyCount "106"]
[EventDate "2018.10.17"]
[EventCountry "FRA"]
[SourceTitle "playchess.com"]
[Source "ChessBase"]
[SourceQuality "1"]
[TimeControl "5400+30"]

1. e4 g6 2. d4 Bg7 3. Nc3 d6 4. g3 Nd7 5. Nge2 e5 6. Bg2 Ngf6 7. h3 O-O 8. O-O Re8 9. Re1 exd4 10. Nxd4 Nc5 11. f4 Nh5 12. g4 Nf6 13. b4 Ne6 14. Be3 Nxd4 15. Bxd4 c5 16. bxc5 dxc5 17. Bxc5 Qc7 18. Qd6 Qxd6 19. Bxd6 Nxg4 20. e5 Nh6 21. Nd5 Rd8 22. Nc7 Rb8 23. Ne8 Ra8 24. Nxg7 Kxg7 25. Be7 Re8 26. Bf6+ Kg8 27. c4 Rb8 28. c5 Bd7 29. Red1 Bc6 30. Bxc6 bxc6 31. Rab1 Nf5 32. Rxb8 Rxb8 33. Rd7 a6 34. Rc7 Nd4 35. Kf2 Ne6 36. Rxc6 Nxf4 37. Rb6 Rc8 38. c6 Nd5 39. Rb7 h6 40. c7 Nxc7 41. Ra7 Nd5 42. Rxa6 Nxf6 43. exf6 Kh7 44. Ra7 Kg8 45. Ra6 Kh7 46. h4 h5 47. Rd6 Ra8 48. a3 Rxa3 49. Rd7 Kg8 50. Rd8+ Kh7 51. Rd7 Ra2+ 52. Kf3 Ra3+ 53. Kg2 Kg8 1/2-1/2

[Event "Karpov Trophy XVI 2018"]
[Site "Cap d/^Agde"]
[Date "2018.10.28"]
[Round "3.1"]
[White "Jehan, Julien"]
[Black "Liegeois, Valentin"]
[Result "1-0"]
[ECO "B08"]
[WhiteElo "1991"]
[BlackElo "1810"]
[Annotator "NA"]
[PlyCount "75"]
[EventDate "2018.10.17"]
[EventCountry "FRA"]
[SourceTitle "playchess.com"]
[Source "ChessBase"]
[SourceQuality "1"]
[TimeControl "5400+30"]

1. d4 Nf6 2. Nf3 g6 3. Nc3 Bg7 4. e4 d6 5. Be3 c6 6. h3 b5 7. Bd3 Qa5 8. O-O O-O 9. Qd2 Bb7 10. Rfe1 Nbd7 11. e5 Ne8 12. Bg5 f6 13. exf6 exf6 14. Bf4 Qb6 15. a4 a6 16. Re7 Qd8 17. Rae1 b4 18. Nd1 a5 19. Bh6 Rb8 20. Bxg7 Nxg7 21. Qh6 Rf7 22. Rxf7 Kxf7 23. Qxh7 Nf8 24. Qh6 Bc8 25. Nh4 g5 26. Ng6 Nf5 27. Bxf5 Bxf5 28. Re7+ Qxe7 29. Nxe7 Kxe7 30. Qg7+ Ke6 31. Qc7 Nd7 32. Ne3 Be4 33. Nc4 Ke7 34. Qxd6+ Kd8 35. Nxa5 Rb6 36. Nc4 Ra6 37. a5 Bxc2 38. Nb6 1-0

[Event "Karpov Trophy XVI 2018"]
[Site "Cap d/^Agde"]
[Date "2018.10.29"]
[Round "4"]
[White "Goix, Theo"]
[Black "Jehan, Julien"]
[Result "1/2-1/2"]
[ECO "A45"]
[WhiteElo "2068"]
[BlackElo "1991"]
[Annotator "NA"]
[PlyCount "82"]
[EventDate "2018.10.27"]
[EventCountry "FRA"]
[SourceTitle "playchess.com"]
[Source "ChessBase"]
[SourceQuality "1"]
[TimeControl "5400+30"]

1. d4 Nf6 2. Bf4 e6 3. e3 d5 4. Nf3 Bd6 5. Bxd6 Qxd6 6. Nbd2 Nbd7 {[%emt 0:05:34] LiveBook: 7 Games} 7. Bd3 e5 8. dxe5 Nxe5 9. Nxe5 Qxe5 10. c3 O-O 11. h3 c5 12. Nf3 Qe7 13. O-O Bd7 14. Re1 {[%emt 0:03:40] D02: 1 d4 d5 2 Nf3 sidelines, including 2...Nf6 3 g3 and 2...Nf6 3 Bf4} (14. Qe2 Rfe8 15. Bb5 Rad8 16. Rad1 h6 17. Rfe1 {½-½ (17) Lerch,P (2334)-Colpe,M (2411) Germany 2017}) 14... Bc6 15. Qe2 $146 ({Predecessor:} 15. Rc1 Rad8 16. Bb1 Rfe8 17. Qc2 Ne4 18. Re2 Qf6 19. Nd2 Qh4 20. Nf3 Qh5 21. Kh2 Bd7 {0-1 (35) Wagner,G-Reinhold,K Recklinghausen 2000}) 15... a6 16. Rad1 Rad8 17. Bb1 Ne4 18. Qc2 b5 19. Nh2 f5 20. Qe2 Rf6 21. Nf1 $15 Qf7 22. Nd2 Nxd2 23. Rxd2 Re8 24. Qd3 g6 25. Rde2 Kg7 26. a4 Qb7 27. a5 b4 28. Qd1 Rfe6 29. Ba2 Rd6 30. Rd2 d4 31. f3 Red8 32. exd4 Qd7 33. d5 Bxd5 34. Bxd5 Rxd5 35. Rxd5 Qxd5 36. Qxd5 Rxd5 37. Re6 Rd2 38. cxb4 cxb4 39. Rxa6 Rxb2 40. Rb6 Ra2 41. Rxb4 Rxa5 1/2-1/2

[Event "Karpov Trophy XVI 2018"]
[Site "Cap d/^Agde"]
[Date "2018.10.29"]
[Round "4"]
[White "Baudin, Frederic"]
[Black "Molano, Juan Pablo"]
[Result "0-1"]
[ECO "D30"]
[WhiteElo "2021"]
[BlackElo "2142"]
[Annotator "NA"]
[PlyCount "70"]
[EventDate "2018.10.27"]
[EventCountry "FRA"]
[SourceTitle "playchess.com"]
[Source "ChessBase"]
[SourceQuality "1"]
[TimeControl "5400+30"]

1. d4 d5 2. c4 e6 3. Nf3 f5 4. g3 Nf6 5. Bg2 c6 6. O-O Bd6 {[%emt 0:00:00] LiveBook: 2557 Partien} 7. b3 Qe7 8. Nc3 O-O 9. Ne5 {[%emt 0:01:54] A90: Dutch Defence: Miscellaneous and Modern Stonewall (with ...Bd6)} (9. Bb2 b6 10. Rc1 Bb7 11. e3 Nbd7 12. Ne2 Ne4 13. Nf4 Rac8 14. Ne5 Rfd8 15. Nxd7 Rxd7 16. f3 Nf6 17. Qd2 c5 18. cxd5 Nxd5 19. Nxd5 Bxd5 {1-0 (71) Ragger,M (2687)-Johannessen,L (2487) Minsk 2015}) 9... Nbd7 10. Bf4 Ne4 11. Nxe4 fxe4 12. f3 $146 ({Predecessor:} 12. Qd2 Nxe5 13. dxe5 Bb4 14. Qc1 Ba3 15. Bg5 Qc5 16. Be3 Qe7 {0-1 (58) Radulski,J (2493)-Sedlak,N (2524) Pancevo 2003}) 12... Nxe5 13. Bxe5 Bxe5 14. dxe5 Qc5+ 15. Kh1 exf3 16. Rxf3 Bd7 17. Qd3 Rxf3 18. exf3 Be8 19. cxd5 cxd5 20. Bh3 Bd7 21. b4 Qc7 22. f4 g6 23. Re1 $15 Rc8 24. Re2 Qc3 25. Qxc3 Rxc3 26. Kg2 Kf7 27. Kf2 Bb5 28. Rd2 Rc1 29. Bg2 Rb1 30. a3 Ra1 31. Rc2 Bc4 32. Rc3 Ra2+ 33. Kg1 b5 34. g4 d4 35. Rf3 d3 0-1

[Event "Karpov Trophy XVI 2018"]
[Site "Cap d/^Agde"]
[Date "2018.10.30"]
[Round "5"]
[White "Molano, Juan Pablo"]
[Black "Gautier, Anand"]
[Result "0-1"]
[ECO "A02"]
[WhiteElo "2142"]
[BlackElo "2254"]
[Annotator "ChessBase"]
[PlyCount "106"]
[EventDate "2018.10.27"]
[EventCountry "FRA"]
[SourceTitle "playchess.com"]
[Source "ChessBase"]
[SourceQuality "1"]
[TimeControl "5400+30"]

1. f4 Nf6 2. Nf3 c5 3. d3 d5 4. g3 g6 5. Bg2 Bg7 6. c3 O-O 7. O-O Nc6 8. Na3 d4 9. Bd2 Nd5 10. Qc1 Bg4 11. e4 Nb6 12. c4 Qd7 13. Nc2 a5 14. a4 e5 15. b3 f5 16. Nfe1 fxe4 17. Bxe4 Nc8 18. Nf3 Nd6 19. Bd5+ Kh8 20. Nce1 Rae8 21. fxe5 Nxe5 22. Nxe5 Rxf1+ 23. Kxf1 Bxe5 24. Kg1 Nf5 25. Nf3 Bg7 26. Ng5 h6 27. Ne4 Ne3 28. Nxc5 Qf5 29. Ne4 Rf8 30. Bxe3 dxe3 31. Qxe3 Bh3 32. Nf2 Qxf2+ 33. Qxf2 Rxf2 34. Kxf2 Bxa1 35. Bxb7 Bd4+ 36. Kf3 Bf5 37. Be4 Kg7 38. g4 Be6 39. Bc6 Kf6 40. Ke4 Bg1 41. h3 h5 42. Bd5 Bd7 43. gxh5 gxh5 44. d4 Bf5+ 45. Kf4 Bxd4 46. Bf3 h4 47. Bg4 Be5+ 48. Kf3 Bc2 49. Bd7 Bxb3 50. Bb5 Bg3 51. Ke4 Ke6 52. c5 Bd5+ 53. Ke3 Bg2 0-1

[Event "Karpov Trophy XVI 2018"]
[Site "Cap d/^Agde"]
[Date "2018.10.31"]
[Round "6"]
[White "Rambaut, Anthony"]
[Black "Jehan, Julien"]
[Result "0-1"]
[ECO "E04"]
[WhiteElo "1850"]
[BlackElo "1991"]
[Annotator "NA RC"]
[PlyCount "62"]
[EventDate "2018.10.27"]
[EventCountry "FRA"]
[SourceTitle "playchess.com"]
[Source "ChessBase"]
[SourceQuality "1"]
[TimeControl "5400+30"]

1. Nf3 Nf6 2. c4 e6 3. d4 d5 4. g3 dxc4 5. Bg2 Nbd7 6. Qc2 {[%emt 0:04:11] E04: Katalanisch} (6. O-O a6 7. a4 Rb8 8. a5 Bd6 9. Nbd2 b5 10. axb6 Nxb6 11. Nxc4 Nxc4 12. Qa4+ Rb5 13. Qxc4 O-O 14. Rd1 {½-½ (30) Eljanov,P (2700)-Adly,A (2626) Sharjah 2018}) 6... Rb8 7. O-O b5 {[%emt 0:03:44] LiveBook: 8 Games} 8. Ne5 Nxe5 9. dxe5 Nd7 10. Bc6 Rb6 $146 ({Vorgänger:} 10... Bb7 11. Bxb5 c6 12. Bxc4 Nxe5 13. Bf4 Bd6 14. Rd1 Qe7 {1-0 (30) Rogers,I (2355)-Peters,J (2460) Los Angeles,CA 1982}) 11. Qe4 Bc5 12. Nc3 (12. a4 $1 $14) 12... a6 13. a4 (13. Bxd7+ $5 Bxd7 14. Qg4 $11) 13... b4 14. a5 (14. Bxd7+ $11 Bxd7 15. Nd1) 14... Rxc6 $1 15. Qxc6 bxc3 16. bxc3 (16. Ra4 $17) 16... O-O 17. Ra2 Ba7 $2 (17... Be7 $19 18. Qe4 Nc5 19. Qxc4 Bb7) 18. Ba3 Nb8 $2 (18... Nxe5 $11 19. Qa8 {[#]} Bxf2+ $1 20. Rxf2 Re8) 19. Qxc4 $2 {[%emt 0:02:20] [#]} (19. Qa8 $16 Re8 20. Qxa7) 19... c5 $1 20. Bc1 Qd5 21. Qxd5 exd5 22. Bf4 Nc6 23. e3 Bf5 24. Rb2 Rb8 ({Don't do} 24... Nxa5 25. Ra1) 25. Rxb8+ Bxb8 ({Weaker is} 25... Nxb8 26. Rd1 $15) 26. Rd1 h6 $2 ({Not} 26... Nxa5 27. e6 $16) (26... Be6 $19 27. f3 h6) 27. h4 $2 (27. Rxd5 $15 Be4 28. Rd7) 27... Be4 $19 ({Inferior is} 27... Nxa5 28. e6 $16) 28. Rd2 Bc7 29. e6 Bxa5 30. e7 Nxe7 31. Ra2 Nc6 0-1

[Event "Karpov Trophy XVI 2018"]
[Site "Cap d/^Agde"]
[Date "2018.11.01"]
[Round "7"]
[White "Jehan, Julien"]
[Black "Gautier, Anand"]
[Result "1-0"]
[ECO "D31"]
[WhiteElo "1991"]
[BlackElo "2254"]
[Annotator "NA"]
[PlyCount "79"]
[EventDate "2018.10.27"]
[EventCountry "FRA"]
[SourceTitle "playchess.com"]
[Source "ChessBase"]
[SourceQuality "1"]
[TimeControl "5400+30"]

1. d4 d5 2. Nf3 e6 3. c4 c6 4. Nc3 dxc4 5. a4 Bb4 6. e4 Nf6 7. Qc2 b5 8. Be2 Nbd7 9. g4 h6 10. Rg1 (10. Kf1 $11 {keeps the balance.}) 10... c5 11. g5 (11. axb5 $11 {remains equal.} Bb7 12. Kf1) 11... hxg5 12. Bxg5 {[%emt 0:03:49] [#]} Qa5 (12... Bb7 $1 $17 13. d5 exd5 14. exd5 Qa5) 13. Bd2 Bb7 14. e5 $1 Bxc3 $11 15. Qxc3 Qxc3 16. Bxc3 Nd5 17. axb5 g6 18. Nd2 cxd4 19. Bxd4 Rh4 20. Rg4 Rxg4 21. Bxg4 N5b6 22. Be2 Bd5 23. Kd1 Ke7 24. Kc2 f6 25. f4 fxe5 26. fxe5 Rh8 27. Nf1 Rh4 28. Bf2 Re4 29. Ng3 Rxe5 30. Rxa7 Nc8 31. Ra4 Nd6 32. b6 Nf5 33. Kd2 Nxg3 34. Bxg3 Rf5 35. Ra7 Rf8 36. b7 Kf6 37. Kc3 e5 38. Bg4 Nb8 39. Bc8 Nc6 40. Ra6 1-0

[Event "Karpov Trophy XVI 2018"]
[Site "Cap d/^Agde"]
[Date "2018.11.01"]
[Round "7"]
[White "Jehan, Julien"]
[Black "Gautier, Nathan"]
[Result "1-0"]
[ECO "D31"]
[WhiteElo "1991"]
[BlackElo "1933"]
[Annotator "NA RC"]
[PlyCount "79"]
[EventDate "2018.10.27"]
[EventCountry "FRA"]
[SourceTitle "playchess.com"]
[Source "ChessBase"]
[SourceQuality "1"]
[TimeControl "5400+30"]

1. d4 d5 2. Nf3 e6 3. c4 c6 4. Nc3 dxc4 5. a4 Bb4 6. e4 Nf6 7. Qc2 b5 8. Be2 Nbd7 9. g4 h6 10. Rg1 c5 11. g5 hxg5 12. Bxg5 Qa5 13. Bd2 Bb7 14. e5 Bxc3 15. Qxc3 Qxc3 16. Bxc3 Nd5 17. axb5 g6 18. Nd2 cxd4 19. Bxd4 Rh4 20. Rg4 Rxg4 21. Bxg4 N5b6 22. Be2 Bd5 23. Kd1 Ke7 24. Kc2 f6 25. f4 fxe5 26. fxe5 Rh8 27. Nf1 Rh4 28. Bf2 Re4 29. Ng3 Rxe5 30. Rxa7 Nc8 31. Ra4 Nd6 32. b6 Nf5 33. Kd2 Nxg3 34. Bxg3 Rf5 35. Ra7 Rf8 36. b7 Kf6 37. Kc3 e5 38. Bg4 Nb8 39. Bc8 Nc6 40. Ra6 1-0

[Event "Karpov Trophy XVI 2018"]
[Site "Cap d/^Agde"]
[Date "2018.11.01"]
[Round "7"]
[White "Gattegno, Laurent"]
[Black "Carrillo, Jesus"]
[Result "0-1"]
[ECO "E73"]
[WhiteElo "1934"]
[BlackElo "1967"]
[Annotator "NA RC"]
[PlyCount "68"]
[EventDate "2018.10.27"]
[EventCountry "FRA"]
[SourceTitle "playchess.com"]
[Source "ChessBase"]
[SourceQuality "1"]
[TimeControl "5400+30"]

1. d4 Nf6 2. c4 g6 3. Nc3 Bg7 4. e4 d6 5. Be2 O-O 6. h3 e5 7. Be3 exd4 8. Bxd4 Nc6 9. Be3 Re8 10. Qc2 Nb4 11. Qd2 a5 12. a3 Na6 13. f3 Nh5 14. g4 Ng3 15. Rh2 Nxe2 16. Ngxe2 Be6 17. Nd5 Nc5 18. Qc2 Be5 19. Ndf4 Qh4+ 20. Rf2 Bd7 21. Nc3 Bxf4 22. Bxf4 f5 23. O-O-O fxe4 24. Nxe4 Ba4 25. b3 Bxb3 26. Qd2 Nxe4 27. fxe4 Bxc4 28. Re1 b5 29. Bg5 Qxh3 30. Qb2 Rf8 31. Rh2 Qxg4 32. Bh6 Rf7 33. Rf2 Qh4 34. Be3 Raf8 0-1

[Event "Karpov Trophy XVI 2018"]
[Site "Cap d/^Agde"]
[Date "2018.11.02"]
[Round "8"]
[White "Gautier, Anand"]
[Black "Dauphin, Thomas"]
[Result "1-0"]
[ECO "C18"]
[WhiteElo "2254"]
[BlackElo "1986"]
[Annotator "NA"]
[PlyCount "63"]
[EventDate "2018.10.27"]
[EventCountry "FRA"]
[SourceTitle "playchess.com"]
[Source "ChessBase"]
[SourceQuality "1"]
[TimeControl "5400+30"]

1. e4 e6 2. d4 d5 3. Nc3 Bb4 4. e5 c5 5. a3 Bxc3+ 6. bxc3 Ne7 7. Qg4 cxd4 8. cxd4 Qc7 9. Bd2 Qxc2 {[%emt 0:00:16] C18: French: 3 Nc3 Bb4: Main line: 7 h4 and 7 Qg4} 10. Rc1 {[%emt 0:04:14] LiveBook: 8 Games} (10. Ne2 Nbc6 11. Qxg7 Rg8 12. Qf6 Bd7 13. h4 Nxd4 14. Nxd4 Qb2 15. Rc1 Qxd4 16. Bg5 Ng6 17. Be2 Qxe5 18. Qxe5 Nxe5 {0-1 (47) Hansen,M (2393)-Ivanov,S (2539) Sweden 2018}) 10... Qe4+ 11. Qxe4 dxe4 12. Ne2 Nbc6 13. g4 b6 $146 ({Predecessor:} 13... h5 14. g5 Nf5 15. Bg2 Nfxd4 16. Nxd4 Nxd4 17. Bxe4 {1-0 (60) Korbut,E (2330)-Manakova,M (2395) Warsaw 2001}) 14. Bg2 Ba6 15. Bxe4 Rc8 16. Bb4 Kd7 17. Kd2 Rhd8 18. Rhd1 Nxb4 19. axb4 Bc4 20. Nf4 Bd5 21. Nxd5 Nxd5 22. Bxd5 exd5 23. b5 Ke6 24. f4 g6 25. Ke3 Rf8 26. h4 Kd7 $18 (26... h5 $16 {is a better defense.}) 27. Kd2 (27. Rxc8 $18 Rxc8 28. Ra1) 27... Rh8 28. Rf1 Ke7 29. Ke3 Kd7 30. f5 Rxc1 31. Rxc1 Rc8 32. e6+ 1-0

[Event "Karpov Trophy XVI 2018"]
[Site "Cap d/^Agde"]
[Date "2018.11.02"]
[Round "8"]
[White "Carrillo, Jesus"]
[Black "Jehan, Julien"]
[Result "0-1"]
[ECO "B13"]
[WhiteElo "1967"]
[BlackElo "1991"]
[Annotator "NA RC"]
[PlyCount "72"]
[EventDate "2018.10.27"]
[EventCountry "FRA"]
[SourceTitle "playchess.com"]
[Source "ChessBase"]
[SourceQuality "1"]
[TimeControl "5400+30"]

1. e4 c6 2. d4 d5 3. exd5 cxd5 4. Bd3 Nc6 5. c3 Qc7 6. h3 e5 {[%emt 0:00:39] B13: Caro-Kann: Exchange Variation and Panov-Botvinnik Attack} 7. dxe5 Nxe5 {[%emt 0:00:44] LiveBook: 4 Games} 8. Qe2 (8. Nf3 Bd6 9. Nxe5 Bxe5 10. O-O Nf6 11. Nd2 O-O 12. Nf3 Bd6 13. Re1 h6 14. Nd4 {0-1 (82) Malakhov,V (2686)-Howell,D (2676) Riadh 2017}) 8... Be7 9. Bb5+ Nc6 10. Nf3 Nf6 11. Bg5 O-O 12. O-O h6 $146 13. Bh4 Bf5 14. Nbd2 Rfe8 15. Qd1 a6 16. Ba4 Rad8 17. Nd4 Bg6 18. N2f3 Ne4 19. Bxe7 Rxe7 20. Bxc6 bxc6 21. Qa4 Rd6 22. Nc2 (22. Nh4 $1 $11 {keeps the balance.}) 22... Nc5 23. Qa3 Nd3 ({Weaker is} 23... Bxc2 24. Qxc5 Be4 25. Nd2 $11) 24. Ne3 Rf6 25. Nh4 (25. Nd4 {was necessary.}) 25... Be4 26. Ng4 Rfe6 27. Ne3 Qe5 28. g3 Qh5 29. Neg2 Qe2 30. Qxa6 g5 ({Much less strong is} 30... Qxb2 31. Rab1 $17) 31. Rae1 Qxb2 ({Worse is} 31... Nxe1 32. Qxe2 Bxg2 33. Qg4 $14) 32. Rb1 $2 (32. Rxe4 {is the only way for White.} dxe4 33. Nf5) 32... Qxc3 33. Rb3 Qd2 $2 (33... Qc4 34. Qa8+ Re8) 34. Nf3 Bxf3 35. Rxd3 Qe2 36. Re3 $19 (36. Qa3 Be4 37. Rb3) 36... Qxa6 0-1

[Event "Karpov Trophy XVI 2018"]
[Site "Cap d/^Agde"]
[Date "2018.11.03"]
[Round "9"]
[White "Jehan, Julien"]
[Black "Jarreton, Herve"]
[Result "1-0"]
[ECO "D70"]
[WhiteElo "1991"]
[BlackElo "1950"]
[Annotator "NA"]
[PlyCount "137"]
[EventDate "2018.10.27"]
[EventCountry "FRA"]
[SourceTitle "playchess.com"]
[Source "ChessBase"]
[SourceQuality "1"]
[TimeControl "5400+30"]

1. d4 d5 2. Nf3 Nf6 3. c4 c6 4. Nbd2 Bf5 5. Nh4 {[%emt 0:00:09] D11: Slav Defence: 3 Nf3 sidelines and 3...Nf6 4 e3 Bg4} (5. Qb3 Qb6 6. Nh4 Be4 7. e3 e6 8. Be2 Be7 9. Nxe4 dxe4 10. g3 c5 11. Bd2 cxd4 12. exd4 Nc6 13. Bc3 O-O-O {1-0 (49) Mamedyarov,S (2808)-So,W (2778) Leuven 2018}) 5... Be6 6. e3 {[%emt 0:09:03] LiveBook: 76 Games} Qa5 $146 ({Predecessor:} 6... g6 7. b3 Bg7 8. Bb2 O-O 9. Be2 Ne4 10. O-O c5 11. Nxe4 dxe4 12. Qc2 f5 {0-1 (54) Svane,R (2595)-Van Foreest,J (2609) Germany 2017}) 7. Qb3 Nbd7 $2 (7... b6 $11) 8. Qc3 $2 (8. Qxb7 $18 Rb8 9. Qxc6) 8... Qxc3 9. bxc3 dxc4 10. Bxc4 Bxc4 11. Nxc4 e6 12. Nf3 Ne4 13. Bd2 f6 14. Ke2 O-O-O 15. Rhb1 Kc7 16. a4 g5 17. Rb3 $11 g4 18. Ne1 e5 19. Nd3 exd4 20. cxd4 Nxd2 21. Nxd2 Rg8 22. Rab1 b6 23. Rc1 Nb8 24. Nf4 Kb7 25. Ne4 Be7 26. a5 f5 27. Ng3 Bd6 28. Nd3 Bxg3 29. hxg3 Rd5 30. axb6 axb6 31. Ra1 Nd7 32. Rba3 Rb8 33. Ra7+ Kc8 34. Rc1 c5 35. Nb4 Rd6 36. Na6 Rb7 37. Ra8+ Nb8 38. dxc5 Rc6 39. Rh1 bxc5 40. Rxb8+ Rxb8 41. Nxb8 Kxb8 42. Rxh7 Rd6 43. Rh5 Rd5 44. e4 Rd4 45. Rxf5 Rxe4+ 46. Kd3 Rd4+ 47. Kc3 Ra4 48. Rxc5 Ra2 49. Rf5 Kc7 50. Kd4 Kd6 51. Ke3 Ke6 52. Rb5 Kf6 53. Rd5 Rb2 54. Rd3 Ra2 55. Rb3 Rc2 56. Rb4 Kg5 57. f4+ Kf6 58. Rb6+ Kf7 59. f5 Rc4 60. Re6 Ra4 61. Re4 Ra2 62. Kf4 Rxg2 63. Kxg4 Rf2 64. Kg5 Rg2 65. g4 Rh2 66. Ra4 Kg7 67. Ra7+ Kf8 68. Kg6 Rg2 69. g5 1-0

[Event "Karpov Trophy XVI 2018"]
[Site "Cap d/^Agde"]
[Date "2018.11.03"]
[Round "9"]
[White "Pascal, Jonathan"]
[Black "Gautier, Nathan"]
[Result "0-1"]
[ECO "B46"]
[WhiteElo "1816"]
[BlackElo "1933"]
[Annotator "NA"]
[PlyCount "62"]
[EventDate "2018.10.27"]
[EventCountry "FRA"]
[SourceTitle "playchess.com"]
[Source "ChessBase"]
[SourceQuality "1"]
[TimeControl "5400+30"]

1. e4 c5 2. Nf3 e6 3. d4 cxd4 4. Nxd4 a6 5. Nc3 Nc6 6. Nxc6 bxc6 7. Bd3 Qc7 8. O-O d5 {[%emt 0:01:06] B46: Sizilianisch (Paulsen/Taimanow-Variante)} (8... Nf6 9. Qe2 d5 10. Bg5 Bb7 11. f4 h6 12. Bh4 Be7 13. Bg3 O-O 14. e5 Ne8 15. f5 exf5 16. Bxf5 Qb6+ 17. Kh1 g6 {1-0 (34) Wei,Y (2740)-Ivanchuk,V (2732) Hoogeveen 2017}) 9. Re1 Bb7 {[%emt 0:07:26] LiveBook: 41 Games} 10. Qf3 d4 (10... Bd6 $11) 11. Ne2 ({Better is} 11. Bf4 $16 e5 12. Nd5) 11... c5 12. Bc4 $146 ({Vorgänger:} 12. c3 Bd6 13. cxd4 cxd4 14. Qh3 e5 15. Bd2 Ne7 16. f4 {0-1 (40) Jansa,V (2495)-Velikov,P (2470) Vrnjacka Banja 1982}) 12... Nf6 13. Ng3 Bd6 14. Nh5 (14. c3 $11) 14... Bxh2+ 15. Kh1 Nxh5 16. Qxh5 Bd6 17. Bg5 $17 O-O 18. Rad1 Be7 19. Bc1 g6 20. Qg4 e5 21. f4 Kg7 22. f5 Qd6 23. Rd3 h5 24. Qe2 g5 25. Kg1 Qh6 26. Rh3 Rh8 27. Kf2 h4 28. Reh1 Qh5 29. Qxh5 Rxh5 30. Bd3 g4 31. Rxh4 Rxh4 0-1